Map: Torches LE

Players

jeannysu - Winner!

  • Race: Zerg Zerg
  • Spawn Location: 1:00

치터 칸 (자원)

  • Race: Protoss Protoss
  • Spawn Location: 5:00

VOD

Have the link to the VOD?

Description

Time

  • Played on: Sept. 1, 2025, 5:50 a.m.
  • Length: 13:59
Show
View Real Time Build Order
Export as new Build Order

jeannysu Zerg - Winner!

Build Orders: Hatch First 

Get SALT Encoding   

  12  0:01  Drone  
  13  0:12  Overlord  
  13  0:17  Drone  
  14  0:30  Drone x2  
  16  0:50  Drone  
  16  0:51  Hatchery  
  16  0:55  Drone  
  17  0:57  Drone  
  18  1:05  Extractor  
  17  1:15  Spawning Pool  
  17  1:17  Drone  
  17  1:20  Drone  
  18  1:27  Drone  
  19  1:41  Drone  
  20  2:05  Queen x2  
  20  2:07  Zergling x4  
  26  2:08  Drone  
  26  2:11  Drone  
  28  2:20  Overlord  
  28  2:22  Metabolic Boost  
  28  2:43  Queen  
  30  2:45  Drone  
  30  2:48  Drone, Hatchery  
  31  2:56  Queen  
  33  2:59  Drone  
  33  3:02  Drone  
  35  3:10  Overlord  
  35  3:11  Drone  
  36  3:17  Overlord  
  36  3:29  Drone x3  
  36  3:30  Drone x2  
  36  3:32  Drone, Overlord  
  42  3:35  Drone  
  42  3:38  Drone  
  44  3:52  Zergling x6  
  47  4:00  Drone x5  
  52  4:03  Extractor  
  52  4:07  Extractor  
  50  4:10  Drone, Queen  
  50  4:11  Roach Warren  
  52  4:24  Drone, Overlord  
  52  4:27  Zergling x8  
  57  4:33  Drone x2  
  57  4:34  Drone x3  
  62  4:38  Queen  
  62  4:42  Lair  
  64  4:54  Roach x5  
  64  4:57  Overlord  
  74  5:10  Overlord  
  74  5:15  Queen  
  76  5:28  Drone x3  
  78  5:29  Drone x3  
  78  5:30  Overlord x2  
  78  5:31  Roach x2  
  78  5:32  Roach  
  78  5:33  Roach  
  90  5:41  Evolution Chamber x2  
  88  5:49  Drone  
  89  5:50  Queen  
  89  5:51  Queen  
  89  5:54  Ravager  
  94  6:08  Drone x2  
  96  6:19  Roach x2  
  96  6:20  Overlord x3, Roach x3  
  96  6:23  Extractor  
  105  6:25  Extractor  
  105  6:26  Drone, Pneumatized Carapace  
  105  6:29  Extractor  
  105  6:32  Drone x2  
  106  6:33  Overlord x2  
  106  6:37  Hatchery  
  106  6:39  Zerg Ground Armor Level 1, Zerg Missile Weapons Level 1  
  105  6:50  Glial Reconstitution  
  105  6:52  Drone x4  
  109  7:09  Roach x4  
  109  7:10  Zergling x2  
  109  7:11  Zergling x12  
  124  7:20  Drone  
  125  7:27  Infestation Pit  
  125  7:28  Roach x2  
  128  7:36  Drone  
  129  7:37  Drone x3  
  129  7:42  Drone  
  133  8:01  Roach x8  
  133  8:02  Zergling x6  
  133  8:03  Overlord  
  133  8:04  Overlord x2  
  152  8:22  Drone x4  
  156  8:28  Roach x5  
  156  8:29  Roach x4  
  156  8:30  Overlord  
  174  8:35  Hatchery  
  174  8:38  Drone  
  174  8:39  Queen  
  176  8:56  Ravager  
  176  8:57  Ravager x7  
  182  9:03  Drone, Baneling Nest  
  131  9:27  Zergling x18  
  131  9:28  Zergling x28  
  147  9:34  Zerg Ground Armor Level 2, Zerg Missile Weapons Level 2  
  147  9:36  Roach  
  147  9:37  Zergling x2, Roach x2  
  150  9:51  Queen  
  150  9:52  Queen x3  
  156  9:53  Roach  
  156  9:54  Roach x10  
  178  10:00  Centrifugal Hooks  
  178  10:04  Drone  
  178  10:05  Drone x7  
  156  10:27  Zergling x2  
  156  10:28  Zergling x22  
  159  10:35  Zergling x2  
  151  10:36  Zergling x16  
  155  10:43  Drone  
  155  10:45  Queen  
  155  10:49  Drone  
  157  10:50  Zergling x2  
  157  10:51  Zergling x10  
  157  10:56  Hive  
  155  11:05  Zergling x4  
  155  11:06  Zergling x20  
  165  11:13  Drone  
  165  11:14  Drone x2  
  155  11:30  Zergling x2  
  155  11:31  Zergling x30  
  167  11:39  Zergling x2  
  165  11:40  Zergling x6  
  164  11:56  Roach x12  
  164  11:57  Overseer x4  
  188  12:05  Overlord x3, Extractor x2  
  186  12:19  Roach  
  186  12:20  Roach  
  186  12:21  Overlord x2  
  189  12:24  Extractor  
  189  12:25  Extractor  
  187  12:30  Roach  
  187  12:31  Roach x5  
  196  13:22  Roach x2  
Show
View Real Time Build Order
Export as new Build Order

치터 칸 (자원) Protoss 

Build Orders: Archon Immortal, Colossus Rush 

Get SALT Encoding   

  12  0:00  Probe  
  13  0:13  Probe  
  14  0:19  Pylon  
  14  0:25  Probe  
  15  0:33  Probe  
  15  0:40  Gateway  
  15  0:41  Probe  
  16  0:49  Assimilator  
  17  0:51  Probe  
  18  1:00  Probe  
  18  1:02  Pylon  
  19  1:08  Probe  
  19  1:18  Probe  
  21  1:29  Cybernetics Core  
  21  1:30  Probe, Zealot  
  24  1:42  Probe  
  25  1:56  Warp Gate  
  25  2:00  Probe  
  26  2:01  Nexus  
  26  2:10  Stalker  
  26  2:13  Probe  
  29  2:24  Pylon  
  29  2:25  Probe  
  30  2:35  Gateway  
  30  2:37  Probe  
  30  2:39  Assimilator  
  31  2:44  Adept  
  31  2:49  Probe  
  34  2:54  Pylon  
  34  3:01  Probe  
  35  3:05  Adept  
  35  3:09  Probe  
  35  3:13  Probe  
  35  3:17  Probe  
  35  3:18  Robotics Facility  
  39  3:24  Adept  
  39  3:26  Probe  
  43  3:27  Probe  
  44  3:35  Adept  
  44  3:39  Probe x2  
  48  3:51  Probe  
  48  3:52  Probe  
  50  4:02  Adept  
  52  4:03  Probe x2  
  52  4:07  Pylon  
  54  4:10  Observer, Robotics Bay  
  54  4:11  Probe x2  
  54  4:13  Adept  
  59  4:18  Robotics Facility  
  59  4:19  Probe  
  59  4:21  Pylon  
  59  4:23  Stalker  
  62  4:28  Probe  
  63  4:33  Probe, Stalker  
  63  4:34  Pylon  
  66  4:49  Gateway  
  66  4:57  Zealot  
  66  4:58  Pylon  
  68  5:00  Zealot  
  68  5:04  Colossus  
  76  5:07  Pylon  
  76  5:17  Zealot  
  76  5:19  Immortal, Probe, Zealot  
  85  5:24  Probe  
  85  5:25  Assimilator  
  86  5:31  Probe  
  86  5:35  Twilight Council  
  87  5:37  Assimilator  
  87  5:40  Zealot  
  87  5:42  Pylon  
  89  5:45  Forge  
  89  5:48  Probe  
  89  5:49  Probe  
  91  5:52  Forge  
  91  6:00  Probe, Zealot x2  
  91  6:01  Probe, Zealot  
  91  6:02  Pylon  
  99  6:14  Templar Archives  
  99  6:17  Nexus  
  99  6:27  Stalker  
  99  6:28  Pylon  
  101  6:33  Gateway  
  101  6:35  Sentry  
  101  6:38  Stalker  
  105  6:43  Stalker  
  107  6:53  Pylon  
  107  6:57  Immortal  
  107  6:58  High Templar  
  113  7:01  Stalker  
  113  7:02  Photon Cannon  
  113  7:03  Immortal, Zealot  
  117  7:11  Pylon, Protoss Ground Weapons Level 1  
  121  7:16  Protoss Ground Armor Level 1  
  121  7:22  Gateway  
  121  7:23  Zealot  
  121  7:24  Sentry  
  121  7:26  Stalker  
  127  7:30  Zealot, Probe x2, Warp Prism  
  127  7:31  Probe  
  134  7:38  Assimilator  
  134  7:41  Immortal, Stalker  
  134  7:42  Pylon, Probe x2  
  134  7:43  Probe, High Templar  
  145  7:45  Assimilator  
  145  7:48  Nexus  
  145  7:49  Archon, Zealot  
  145  7:50  Stalker  
  149  7:54  Probe x2  
  149  7:55  Probe  
  152  8:00  Zealot  
  152  8:04  Pylon  
  154  8:06  Probe  
  154  8:07  Probe  
  154  8:08  Probe  
  154  8:10  High Templar  
  159  8:13  Immortal, High Templar  
  159  8:19  Archon  
  165  8:22  Probe, Warp Prism  
  165  8:23  Probe x2, High Templar  
  165  8:25  Pylon  
  172  8:30  Probe  
  173  8:39  Probe  
  173  8:43  Probe  
  173  8:44  High Templar, Zealot  
  173  8:47  Pylon  
  173  8:48  Psionic Storm  
  179  8:52  Observer  
  180  8:58  Observer  
  180  9:00  Zealot x4  
  189  9:04  Charge  
  179  9:10  Immortal  
  179  9:11  Assimilator  
  179  9:13  Photon Cannon  
  179  9:15  Photon Cannon  
  179  9:16  Immortal  
  179  9:17  Pylon, Stalker  
  159  9:18  Pylon  
  159  9:20  Sentry, Stalker x2  
  159  9:21  Stalker  
  147  9:30  Assimilator  
  119  9:38  Gateway  
  111  9:39  High Templar  
  111  9:40  Stalker, Photon Cannon  
  111  9:41  Adept  
  111  9:44  Adept  
  111  9:45  Pylon, Zealot  
  115  9:49  Immortal  
  109  9:55  Immortal  
  109  9:56  Zealot  
  115  10:01  Robotics Facility, Zealot  
  115  10:04  Sentry, Zealot  
  115  10:05  Adept  
  121  10:07  Probe, Photon Cannon  
  121  10:09  Probe  
  121  10:11  Probe  
  121  10:12  Probe  
  102  10:16  High Templar  
  102  10:20  Probe  
  102  10:21  Zealot  
  102  10:24  Zealot  
  102  10:25  Zealot  
  102  10:26  Probe  
  102  10:27  Sentry  
  102  10:28  Probe  
  100  10:31  Adept  
  100  10:32  Probe  
  91  10:41  High Templar, Zealot  
  85  10:43  Sentry, High Templar, Zealot  
  85  10:48  Stalker  
  83  10:50  Adept  
  83  10:51  Stalker  
  83  10:56  Probe  
  79  10:57  Probe  
  79  10:59  Probe, Zealot  
  79  11:03  Adept  
  78  11:08  Probe  
  78  11:10  Sentry, Adept, Stalker  
  80  11:14  Probe, Zealot  
  80  11:18  Probe  
  79  11:19  High Templar  
  79  11:20  Probe  
  79  11:23  Adept  
  79  11:25  High Templar  
  75  11:26  Probe  
  75  11:30  Zealot  
  75  11:32  Probe  
  66  11:33  Stalker  
  66  11:34  High Templar  
  66  11:36  Nexus  
  54  11:43  High Templar  
  46  11:50  Sentry, High Templar  
  46  11:51  High Templar, Adept  
  46  11:56  Zealot  
  46  12:00  High Templar  
  29  12:08  High Templar  
  29  12:14  Zealot  
  22  12:31  High Templar  
  17  13:08  Nexus  
  16  13:39  Nexus  
Tags
 
Composition
Archon Immortal
Matchup
PvZ
Replay Pack
새 폴더
Spawn Locations
Close Positions
Add a new tag
Caveats
  • Supply blocks, unpowered buildings, or Contaminate may cause inaccurate times.
  • Supply counts are checked every 10 seconds.